 Dungeon Crawl Stone Soup version 0.22-a0-348-gd16d1391c7 (webtiles) character file.

109 Laan the Magician (level 4, -2/36 HPs)
             Began as a Naga Wizard on Apr 9, 2018.
             Slain by a gnoll
             ... wielding a +0 flail
              (3 damage)
             ... on level 3 of the Dungeon.
             The game lasted 00:04:28 (2550 turns).

Laan the Magician (Naga Wizard)                     Turns: 2550, Time: 00:04:29

Health: -2/36      AC:  3    Str: 14    XL:     4   Next: 89%
Magic:  1/9        EV: 10    Int: 20    God:
Gold:   124        SH:  0    Dex:  9    Spells: 4/10 levels left

rFire    . . .     SeeInvis +   (no weapon)
rCold    . . .     Gourm    .   (no shield)
rNeg     . . .     Faith    .   a - +0 robe
rPois    +         Spirit   .   b - +0 hat
rElec    .         Reflect  .   (no cloak)
rCorr    .         Harm     .   k - +0 pair of gloves
MR       .....                  (no barding)
Stlth    ++........             (no amulet)
HPRegen  0.12/turn              p - +5 ring of strength
MPRegen  0.11/turn              (no ring)

@: very slightly contaminated, very slow
A: large, see invisible, deformed body, poison resistance, slowness 2, slow
metabolism 1, spit poison 1, AC +1
a: Spit Poison


You were on level 3 of the Dungeon.
You were hungry.

You visited 1 branch of the dungeon, and saw 3 of its levels.

You collected 124 gold pieces.

Inventory:

Armour
 a - a +0 robe (worn)
 b - a +0 hat (worn)
 k - a +0 pair of gloves (worn)
Jewellery
 p - a +5 ring of strength (left hand)
Wands
 t - a wand of enslavement (8)
Scrolls
 c - 2 scrolls of magic mapping {unknown}
 e - 2 scrolls of teleportation {unknown}
 f - a scroll of enchant weapon {unknown}
 g - 6 scrolls of identify {unknown}
 i - 3 scrolls of fog {unknown}
 j - 2 scrolls of remove curse {unknown}
 o - a scroll of enchant armour {unknown}
 q - a scroll of amnesia {unknown}
 u - a scroll of immolation {unknown}
Potions
 h - a potion of curing {unknown}
 l - a potion of cancellation {unknown}
 m - a potion of might {unknown}
 n - 2 potions of heal wounds {unknown}
 r - a potion of lignification {unknown}
 s - a potion of brilliance {unknown}
 v - 2 potions of mutation {unknown}
 w - a potion of agility {unknown}
Comestibles
 d - 5 rations


   Skills:
 - Level 1.5 Dodging
 - Level 3.0 Stealth
 + Level 3.8 Spellcasting
 * Level 3.7 Conjurations
   Level 1.0 Summonings
 - Level 1.0 Translocations


You had 4 spell levels left.
You knew the following spells:

 Your Spells              Type           Power        Failure   Level  Hunger
a - Magic Dart            Conj           ###.         2%          1    None
b - Blink                 Tloc           N/A          13%         2    ##.....
c - Conjure Flame         Conj/Fire      ##......     19%         3    ###....


Dungeon Overview and Level Annotations

Branches:
Dungeon (3/15)

Altars:
Nemelex Xobeh
Qazlal
Ru


Innate Abilities, Weirdness & Mutations

You cannot wear boots.
Your serpentine skin is tough. (AC +1)
You have supernaturally acute eyesight. (SInv)
Armour fits poorly on your strangely shaped body.
Your system is resistant to poisons. (rPois)
You cover ground very slowly.
You have a slow metabolism.
You can spit poison.


Message History

* * * LOW HITPOINT WARNING * * *
A gnoll is nearby!
Evoke which item? (* to show all) (? for menu, Esc to quit)
Aiming: Enslavement
Press: ? - help, Shift-Dir - straight line, f/p - gnoll
Aim: a gnoll, wielding a flail (almost dead, chance to defeat MR: 54%)
The gnoll resists with significant effort.
The gnoll barely misses you.
Evoke which item? (* to show all) (? for menu, Esc to quit)
Aiming: Enslavement
Press: ? - help, Shift-Dir - straight line, f/p - gnoll
Aim: a gnoll, wielding a flail (almost dead, chance to defeat MR: 54%)
The gnoll resists with significant effort.
Evoke which item? (* to show all) (? for menu, Esc to quit)
Aiming: Enslavement
Press: ? - help, Shift-Dir - straight line, f/p - gnoll
Aim: a gnoll, wielding a flail (almost dead, chance to defeat MR: 54%)
The gnoll resists with significant effort.
The gnoll hits you with a flail.
You die...

........# #.....##
........# #......######
..<.....# .g..
#.............
........###..#
#............. ........#
.... #.............
........###..#
##............
####....##....
##............
########..###.............
#....._#@########....
#8..8##g# ... ##.)....#
########


You could see a gnoll.

Vanquished Creatures
  A centaur skeleton (D:2)
  Terence (D:2)
  A gnoll (D:3)
  2 worms (D:2)
  2 dart slugs (D:1)
  3 goblins (D:1)
  5 hobgoblins
  4 kobolds
  A ball python (D:2)
  3 bats
  5 frilled lizards
  2 rats
30 creatures vanquished.

Vanquished Creatures (others)
  A gnoll (D:3)
1 creature vanquished.

Grand Total: 31 creatures vanquished

Notes
Turn   | Place    | Note
-------+----------+-------------------------------------------
     0 | D:1      | Laan the Naga Wizard began the quest for the Orb.
     0 | D:1      | Reached XP level 1. HP: 15/15 MP: 4/4
   117 | D:1      | Reached XP level 2. HP: 16/22 MP: 0/6
  1033 | D:2      | Reached XP level 3. HP: 6/28 MP: 0/7
  1305 | D:2      | Found a stormy altar of Qazlal.
  1307 | D:2      | Noticed an earth elemental
  1308 | D:2      | Noticed a water elemental
  1308 | D:2      | Noticed a fire elemental
  1308 | D:2      | Noticed an air elemental
  1518 | D:2      | Reached XP level 4. HP: 36/36 MP: 5/9
  1594 | D:2      | Learned a level 2 spell: Blink
  1598 | D:2      | Learned a level 3 spell: Conjure Flame
  1656 | D:2      | Found a sacrificial altar of Ru.
  1971 | D:3      | Noticed Terence
  2056 | D:2      | Killed Terence
  2443 | D:3      | Found a sparkling altar of Nemelex Xobeh.
  2547 | D:3      | HP: 1/36 [gnoll/flail (1)]
  2550 | D:3      | Slain by a gnoll

Vault maps used:
D:1:      ncdulo_smallfort, minmay_pentomino_w2
D:2:      nicolae_qazlal_style_of_elements, first_ration,
          nicolae_ru_awakened_eye
D:3:      overflow_temple_1_default, minitemple, gup_sewer_entry_pipe,
          nicolae_underground_beach, uniq_terence

Skill      XL: |  1  2  3 |
---------------+----------+-----
Conjurations   | 2 3 |  3.7
Dodging        | |  1.5
Stealth        | |  3.0
Spellcasting   | |  3.8
Summonings     | |  1.0
Translocations | |  1.0

Action                   |  1- 3 |  4- 6 || total
-------------------------+-------+-------++-------
Melee: Unarmed           |     4 |     1 ||     5
 Cast: Magic Dart        |    56 |    46 ||   102
       Conjure Flame     |       |     1 ||     1
 Abil: Spit Poison       |     5 |     6 ||    11
Evoke: Wand              |       |     7 ||     7
  Eat: Chunk             |     1 |     2 ||     3
Armor: Robe              |     2 |     2 ||     4
Dodge: Dodged            |     9 |    13 ||    22

Table legend:
 A = Spawn XP
 B = Non-spawn XP
 C = Spawn XP percentage of total XP
 D = Spawn monster count
 E = Non-spawn monster count
 F = Spawn count percentage of total count
 G = Total turns spent on level
                    A         B        C        D         E        F      G
               +---------+---------+-------+---------+---------+-------+---------
         Total |       0 |     156 |   0.0 |       0 |      31 |   0.0 |  2550
               +---------+---------+-------+---------+---------+-------+---------
           D:1 |       0 |      28 |   0.0 |       0 |      15 |   0.0 |   906
           D:2 |       0 |     100 |   0.0 |       0 |      12 |   0.0 |  1414
           D:3 |       0 |      28 |   0.0 |       0 |       4 |   0.0 |   230
               +---------+---------+-------+---------+---------+-------+---------
